 Dungeon Crawl Stone Soup version 0.14-a0-3194-g0089908 (webtiles) character file.

14705 4tharraofdagon the Sage (level 11, 0/68 HPs)
             Began as a Demonspawn Fire Elementalist on Mar 10, 2014.
             Was a High Priest of Sif Muna.
             Slain by a black mamba (17 damage)
             ... on Level 6 of the Lair of Beasts.
             The game lasted 00:40:58 (4493 turns).

4tharraofdagon the Sage (DsFE)                      Turns: 4493, Time: 00:40:59

HP   0/68        AC  5     Str  8      XL: 11   Next: 88%
MP  15/27        EV 13     Int 18      God: Sif Muna [*****.]
Gold 257         SH  0     Dex 14      Spells:  6 memorised,  9 levels left

rFire  . . .     SeeInvis .     y - staff of conjuration
rCold  + . .     Clarity  .     M - troll hide
rNeg   . . .     Conserve +     (no shield)
rPois  .         rCorr    +     (helmet restricted)
rElec  .         rRot     .     H - +2 cloak {rCorr, Cons}
SustAb . .       Spirit   .     (gloves unavailable)
rMut   .         Warding  .     (boots unavailable)
Saprov . . .     Rnd*Tele +     (no amulet)
MR     .....                    (no ring)
                                q - +3 ring of evasion

@: burdened, lethally poisoned, slow, not resistant to hostile enchantments,
very unstealthy
A: claws 3, hooves 3, horns 1, cold resistance 1, dopey 1, teleportitis 1
a: Channel Energy, Forget Spell, Renounce Religion


You were on level 6 of the Lair of Beasts.
You worshipped Sif Muna.
Sif Muna was extremely pleased with you.
You were encumbered.
You were hungry.

You visited 2 branches of the dungeon, and saw 18 of its levels.

You collected 365 gold pieces.
You spent 108 gold pieces at shops.

Inventory:

Hand weapons
 h - a +3,+0 demon trident of flaming
 r - a +2 blowgun
 D - a +2,+2 scythe
Missiles
 i - a stone (quivered)
 s - 24 poisoned needles
Armour
 e - a +0 buckler
 H - a +2 cloak of preservation (worn)
 M - a troll hide (worn)
Magical devices
 g - a wand of lightning (5)
 o - a wand of lightning (7)
 v - a wand of frost (11)
 G - a wand of teleportation (5)
Comestibles
 c - 2 bread rations
 d - 5 meat rations
 l - a rotting chunk of rat flesh
 u - 5 chunks of yak flesh
 z - a choko
Scrolls
 f - 2 scrolls of noise
 p - 3 scrolls of teleportation
 C - 2 scrolls of recharging
 E - a scroll of amnesia
 F - a scroll of remove curse
Jewellery
 q - a +3 ring of evasion (left claw)
Potions
 a - a potion of poison {unknown}
 j - a potion of cure mutation {unknown}
 k - a potion of restore abilities {unknown}
 t - a potion of berserk rage {unknown}
 x - 6 potions of curing
 I - a potion of invisibility
 L - 3 potions of heal wounds
Books
 b - a book of Flames

   Spells                             Type                      Level
   *Flame Tongue                      Conjuration/Fire             1
   Throw Flame                        Conjuration/Fire             2
   *Conjure Flame                     Conjuration/Fire             3
   Inner Flame                        Hexes/Fire                   3
   *Sticky Flame                      Conjuration/Fire             4
   *Fireball                          Conjuration/Fire             5
 n - a Necronomicon {highlevel}

   This book is beyond your current level of understanding.

   Spells                             Type                      Level
   Haunt                              Necromancy/Summoning         7
   Borgnjor's Revivification          Necromancy                   8
   Death's Door                       Charms/Necromancy            8
   Necromutation                      Transmutation/Necromancy     8
 A - a book of Air

   Spells                             Type                      Level
   Shock                              Conjuration/Air              1
   *Swiftness                         Charms/Air                   2
   *Repel Missiles                    Charms/Air                   2
   Flight                             Charms/Air                   3
   Static Discharge                   Conjuration/Air              3
   Lightning Bolt                     Conjuration/Air              5
Magical staves
 m - an uncursed staff of death
 y - an uncursed staff of conjuration (weapon)
Miscellaneous
 w - a phial of floods


   Skills:
 - Level 1.7 Dodging
 - Level 1.7 Stealth
 + Level 8.2 Spellcasting
 * Level 10.3 Conjurations
 * Level 10.0 Fire Magic
 - Level 12.0 Invocations


You had 9 spell levels left.
You knew the following spells:

 Your Spells              Type           Power        Failure   Level  Hunger
a - Flame Tongue          Conj/Fire      #####        1%          1    None
b - Conjure Flame         Conj/Fire      ######..     1%          3    #......
c - Sticky Flame          Conj/Fire      ######..     1%          4    ###....
d - Fireball              Conj/Fire      ######....   4%          5    #####..
e - Repel Missiles        Chrm/Air       #.....       14%         2    None
f - Swiftness             Chrm/Air       #.......     14%         2    None


Dungeon Overview and Level Annotations

Branches:
Dungeon (12/16)              Lair (6/8) D:11
 Temple: D:4-7          Orc: D:9-12       Swamp: Lair:3-6    Shoals: Lair:3-6
  Snake: Lair:3-6    Spider: Lair:3-6     Slime: Lair:6-8

Altars:
Cheibriados
Dithmenos
Sif Muna
Trog
Xom

Shops:
D:8 [

Annotations:
D:4 Dowan, Ijyb
D:8 Joseph
Lair:3 SWAMP


Innate Abilities, Weirdness & Mutations

You have claws for hands.
You have hooves in place of feet.
You have a pair of small horns on your head.
Your flesh is cold resistant.
You are dopey. (Int -2)
Space occasionally distorts in your vicinity.


Message History

Aim: a black mamba (moderately wounded)
Okay, then.
Read which item? (? for menu, Esc to quit)
Okay, then.
You feel sick. The black mamba misses you. The black mamba bites you!
Unknown command.
You feel sick. The black mamba barely misses you.
Unknown command.
Casting: Sticky Flame
Confirm with . or Enter, or press ? or * to list all spells.
Aiming: Fireball
Press: ? - help, Shift-Dir - straight line You feel a surge of power!
The fireball explodes!
The fireball engulfs the black mamba.
The black mamba is severely wounded.
You are feeling hungry.
You feel sick. The black mamba bites you!
* * * LOW HITPOINT WARNING * * *
The black mamba bites you!
You die...

.......# #.#....#
##......#
#P......# #......#
#.....###
#####...P.P.#...
###..P#....S......
#....@S....#...S..
###....S....## ##.
##............#
##.#...>......##
#.#...........##
#.............#
##...............
#................
#.............#.


You could see 3 black mambas.

Vanquished Creatures
  Maud (Lair:5)
  3 hydras
  A hill giant (D:9)
  A griffon (D:12)
  The ghost of throttle the Archer, an experienced CeHu (D:5)
  A black mamba (Lair:2)
  Psyche (D:11)
  4 spiny frogs
  3 komodo dragons
  A troll (D:12)
  3 blink frogs (Lair:3)
  Prince Ribbit (D:7)
  2 basilisks
  9 yaks
  Eustachio (D:4)
  An elephant slug (Lair:1)
  A hungry ghost (D:10)
  3 hippogriffs
  Edmund (D:5)
  4 water moccasins
  2 sky beasts
  3 porcupines
  2 ice beasts (D:9)
  A phantom (D:7)
  3 ogres
  2 black bears
  2 centaurs
  Sigmund (D:5)
  A crocodile (Lair:2)
  4 giant slugs
  7 giant frogs
  A scorpion (D:10)
  4 killer bees (D:12)
  2 goliath beetles
  A centaur zombie (D:5)
  4 hounds
  4 iguanas
  3 jellies
  A giant frog zombie (D:7)
  4 worker ants
  11 sheep
  9 adders
  A worm zombie (D:5)
  29 green rats
  A giant mite (D:4)
  3 worms
  An adder zombie (D:6)
  A giant eyeball (D:12)
  3 giant geckos
  7 orcs
  A ball python (D:2)
  9 bats
  A bat zombie (D:5)
  2 giant cockroaches
  5 goblins
  4 hobgoblins
  8 jackals
  10 kobolds
  5 quokkas
  3 giant newts
  A giant spore (D:7)
  A goblin skeleton (D:5)
  5 rats
  A ballistomycete (D:7)
217 creatures vanquished.

Vanquished Creatures (others)
  2 plants
2 creatures vanquished.

Grand Total: 219 creatures vanquished

Notes
Turn   | Place    | Note
--------------------------------------------------------------
     0 | D:1      | 4tharraofdagon, the Demonspawn Fire Elementalist, began the quest for the Orb.
     0 | D:1      | Reached XP level 1. HP: 13/13 MP: 3/3
    96 | D:1      | Reached skill level 3 in Fire Magic
    99 | D:1      | Gained mutation: You have sharp fingernails. [demonic ancestry]
    99 | D:1      | Reached XP level 2. HP: 1/19 MP: 0/4
   352 | D:2      | Gained mutation: You have large cloven feet. [demonic ancestry]
   352 | D:2      | Reached XP level 3. HP: 3/24 MP: 3/6
   519 | D:3      | Learned a level 3 spell: Conjure Flame
   626 | D:3      | Found a shadowy altar of Dithmenos.
   772 | D:3      | Reached XP level 4. HP: 21/30 MP: 1/8
   837 | D:4      | Noticed Dowan
   852 | D:4      | Noticed Eustachio
   867 | D:4      | Killed Eustachio
   867 | D:4      | Reached skill level 4 in Fire Magic
   867 | D:4      | Gained mutation: You have hoof-like feet. [demonic ancestry]
   867 | D:4      | Reached XP level 5. HP: 35/35 MP: 2/10
   873 | D:4      | Learned a level 4 spell: Sticky Flame
   914 | D:4      | Noticed an ogre
   935 | D:4      | Killed an ogre
   935 | D:4      | Gained mutation: You have very sharp fingernails. [demonic ancestry]
   935 | D:4      | Reached XP level 6. HP: 41/41 MP: 5/13
   957 | D:4      | Noticed Ijyb
  1057 | D:5      | Entered Level 5 of the Dungeon
  1058 | D:5      | Noticed Sigmund
  1067 | D:5      | Killed Sigmund
  1205 | D:5      | Noticed throttle's ghost (experienced CeHu)
  1212 | D:5      | Killed throttle's ghost
  1212 | D:5      | Reached skill level 5 in Conjurations
  1212 | D:5      | Reached skill level 5 in Fire Magic
  1212 | D:5      | Gained mutation: You have hooves in place of feet. [demonic ancestry]
  1212 | D:5      | Reached XP level 7. HP: 38/46 MP: 7/15
  1353 | D:5      | Noticed Edmund
  1359 | D:5      | Killed Edmund
  1359 | D:5      | Reached skill level 6 in Fire Magic
  1359 | D:5      | Gained mutation: You have claws for hands. [demonic ancestry]
  1359 | D:5      | Reached XP level 8. HP: 35/52 MP: 1/18
  1395 | D:5      | Found a shimmering altar of Xom.
  1415 | D:5      | Noticed a water moccasin
  1421 | D:5      | Killed a water moccasin
  1561 | D:7      | Noticed Prince Ribbit
  1565 | D:7      | Killed Prince Ribbit
  1658 | D:7      | Found a deep blue altar of Sif Muna.
  1662 | D:7      | Became a worshipper of Sif Muna the Loreminder
  1672 | D:7      | Learned a level 5 spell: Fireball
  1710 | D:7      | Reached skill level 7 in Fire Magic
  1810 | D:8      | Found Unkinuor's Antique Armour Shop.
  1816 | D:8      | Bought a runed robe for 14 gold pieces
  1816 | D:8      | Bought a runed cloak for 94 gold pieces
  1831 | D:8      | Identified a +2 cloak of preservation (You bought it in a shop on level 8 of the Dungeon)
  1963 | D:9      | Acquired Sif Muna's first power
  1963 | D:9      | Reached skill level 5 in Spellcasting
  1996 | D:9      | Reached skill level 1 in Invocations
  1996 | D:9      | Gained mutation: Your flesh is cold resistant. [demonic ancestry]
  1996 | D:9      | Reached XP level 9. HP: 27/57 MP: 12/21
  2001 | D:9      | Noticed a hill giant
  2019 | D:9      | Killed a hill giant
  2124 | D:8      | Noticed Joseph
  2205 | D:9      | Gained mutation: Space occasionally distorts in your vicinity. [potion of mutation]
  2205 | D:9      | Gained mutation: You are dopey. (Int -2) [potion of mutation]
  2242 | D:9      | Found a bloodstained altar of Trog.
  2294 | D:10     | Entered Level 10 of the Dungeon
  2341 | D:11     | Noticed Psyche
  2348 | D:11     | Noticed a hill giant
  2349 | D:11     | Killed Psyche
  2349 | D:11     | Reached skill level 5 in Invocations
  2451 | D:10     | Acquired Sif Muna's second power
  2451 | D:10     | Reached skill level 8 in Conjurations
  2497 | D:10     | Upgraded the game from 0.14-a0-3167-gc8df72d to 0.14-a0-3194-g0089908
  2634 | D:12     | Noticed a griffon
  2653 | D:12     | Killed a griffon
  2659 | D:12     | Reached XP level 10. HP: 46/63 MP: 13/24
  2888 | D:11     | Found a staircase to the Lair.
  2927 | Lair:1   | Entered Level 1 of the Lair of Beasts
  3063 | Lair:1   | Noticed a four-headed hydra
  3109 | Lair:1   | Killed a four-headed hydra
  3109 | Lair:1   | Reached skill level 9 in Invocations
  3233 | Lair:1   | Found a snail-covered altar of Cheibriados.
  3443 | Lair:2   | Reached skill level 10 in Invocations
  3447 | Lair:2   | Noticed a seven-headed hydra
  3536 | Lair:2   | Killed a seven-headed hydra
  3536 | Lair:2   | Gained mutation: You have a pair of small horns on your head. [demonic ancestry]
  3536 | Lair:2   | Reached XP level 11. HP: 29/68 MP: 12/26
  3621 | Lair:2   | Learned a level 2 spell: Repel Missiles
  3624 | Lair:2   | Learned a level 2 spell: Swiftness
  3851 | Lair:2   | Noticed a black mamba
  3858 | Lair:2   | Killed a black mamba
  3858 | Lair:2   | Reached skill level 11 in Invocations
  4044 | Lair:4   | Acquired Sif Muna's third power
  4194 | Lair:5   | Noticed a six-headed hydra
  4204 | Lair:5   | Killed a six-headed hydra
  4210 | Lair:5   | Reached skill level 12 in Invocations
  4240 | Lair:5   | Noticed Maud
  4259 | Lair:5   | Killed Maud
  4259 | Lair:5   | Reached skill level 10 in Conjurations
  4373 | Lair:5   | Reached skill level 10 in Fire Magic
  4493 | Lair:6   | Slain by a black mamba

Action                   |  1- 3 |  4- 6 |  7- 9 | 10-12 || total
-------------------------+-------+-------+-------+-------++-------
Melee: Unarmed           |     5 |       |       |       ||     5
       Dagger            |    14 |       |       |       ||    14
       Staff             |     5 |     5 |    47 |    60 ||   117
       Demon trident     |       |       |       |     7 ||     7
 Fire: Blowgun           |       |    14 |     3 |     4 ||    21
Throw: Stone             |       |       |     1 |       ||     1
 Cast: Flame Tongue      |    58 |    15 |    61 |    50 ||   184
       Conjure Flame     |     1 |     3 |    18 |    33 ||    55
       Sticky Flame      |       |     3 |    23 |    57 ||    83
       Fireball          |       |       |     3 |    25 ||    28
Invok: Channel Energy    |       |       |    30 |    84 ||   114
Evoke: Wand              |       |     1 |     3 |     2 ||     6
  Use: Scroll            |     2 |       |     6 |    10 ||    18
       Potion            |       |       |     1 |     2 ||     3
